 Dungeon Crawl Stone Soup version 0.18.1-5-g4a78601 (webtiles) character file.

1686 Mefis the Magician (level 8, -8/41 HPs)
             Began as a Deep Elf Wizard on May 12, 2016.
             Was a Believer of Sif Muna.
             Killed from afar by Rekenzichi's ghost (15 damage)
             ... with a bolt of negative energy
             ... on level 6 of the Dungeon.
             The game lasted 00:22:45 (8757 turns).

Mefis the Magician (Deep Elf Wizard)                Turns: 8757, Time: 00:22:46

Health: -8/41      AC:  2    Str:  4    XL:     8   Next: 71%
Magic:  29/29      EV: 18    Int: 26    God:    Sif Muna [**....]
Gold:   211        SH:  0    Dex: 17    Spells: 7 memorised, 6 levels left

rFire  . . .     SeeInvis .     P - +3 dagger (curse)
rCold  . . .     Gourm    .     K - +0 robe of Zazoklo {rElec Dex+4} (curse)
rNeg   . . .     Faith    .     (no shield)
rPois  .         Spirit   .     b - +0 hat
rElec  +         Dismiss  .     (no cloak)
rCorr  .         Reflect  .     (no gloves)
SustAt .         Harm     .     (no boots)
MR     .....                    L - amulet of magic regeneration
Stlth  +++.......               C - +4 ring of evasion
                                m - ring of magical power

@: heavily drained, not resistant to hostile enchantments, fairly stealthy
A: no striking features
a: Channel Energy, Renounce Religion


You were on level 6 of the Dungeon.
You worshipped Sif Muna.
Sif Muna was pleased with you.
You were not hungry.

You visited 2 branches of the dungeon, and saw 7 of its levels.
You also visited: Sewer.

You collected 211 gold pieces.

Inventory:

Hand Weapons
 k - a +0 dagger
 l - a +0 hunting sling
 y - a +2 mace of crushing
 F - a +0 shortbow
 P - a cursed +3 dagger (weapon)
Missiles
 n - 22 poisoned needles
 q - 37 sling bullets
 G - 36 arrows
Armour
 a - a +0 robe
 b - a +0 hat (worn)
 K - the cursed +0 robe of Zazoklo (worn) {rElec Dex+4}
   (You found it on level 5 of the Dungeon)

   It affects your dexterity (+4).
   It insulates you from electricity.
   It has a curse placed upon it.
Jewellery
 m - a ring of magical power (left hand)
 o - an uncursed ring of poison resistance
 C - a +4 ring of evasion (right hand)
 L - an amulet of magic regeneration (around neck)
 Q - an uncursed ring of fire
Wands
 d - a wand of lightning (12/15)
 I - a wand of paralysis (13/24)
Scrolls
 f - 2 scrolls of magic mapping
 g - a scroll of enchant weapon
 h - 4 scrolls of enchant armour
 i - 7 scrolls of fog {unknown}
 j - 3 scrolls of blinking
 r - 6 scrolls of recharging
 w - 3 scrolls of teleportation {unknown}
 x - 3 scrolls of fear {unknown}
 D - a scroll of random uselessness {unknown}
 H - 2 scrolls of remove curse {unknown}
 J - a scroll of identify
 N - a scroll of amnesia {unknown}
 T - a scroll of noise {unknown}
Potions
 e - 3 potions of lignification {unknown}
 p - 2 potions of brilliance {unknown}
 t - 3 potions of heal wounds {unknown}
 u - 3 potions of curing
 v - a potion of might {unknown}
 B - a potion of ambrosia {unknown}
 E - a potion of cure mutation {unknown}
 M - a potion of magic {unknown}
Books
 c - a book of Minor Magic

   Spells                             Type                      Level
   a - Magic Dart                     Conjuration                  1
   b - Blink                          Translocation                2
   c - Call Imp                       Summoning                    2
   d - Repel Missiles                 Charms/Air                   2
   e - Slow                           Hexes                        2
   f - Conjure Flame                  Conjuration/Fire             3
   g - Mephitic Cloud                 Conjuration/Poison/Air       3
 S - a book of Summonings

   Spells                             Type                      Level
   a - Recall                         Summoning/Translocation      3
   b - Aura of Abjuration             Summoning                    5
   c - Summon Demon                   Summoning                    5
   d - Summon Forest                  Summoning/Translocation      5
   e - Summon Mana Viper              Hexes/Summoning              5
   f - Shadow Creatures               Summoning                    6
Comestibles
 s - 2 beef jerkies
 z - 3 meat rations
 A - a bread ration
 O - 2 royal jellies
 R - a chunk of flesh
 U - a slice of pizza


   Skills:
 + Level 5.2(3.7) Dodging
 + Level 6.1(4.6) Stealth
 * Level 7.1(5.5) Spellcasting
 + Level 5.9(4.4) Conjurations
 + Level 2.0(0.6) Hexes
 + Level 2.2(0.8) Charms
 * Level 2.0(0.7) Summonings
 + Level 1.8(0.4) Translocations
 + Level 3.4(2.0) Fire Magic
 + Level 3.7(2.2) Poison Magic
 * Level 2.4(1.0) Invocations


You had 6 spell levels left.
You knew the following spells:

 Your Spells              Type           Power        Failure   Level  Hunger
a - Magic Dart            Conj           ####         1%          1    None
b - Call Imp              Summ           ##......     10%         2    None
c - Blink                 Tloc           N/A          12%         2    None
d - Repel Missiles        Chrm/Air       #.....       12%         2    None
e - Mephitic Cloud        Conj/Pois/Air  ###.....     10%         3    #......
f - Conjure Flame         Conj/Fire      ###.....     8%          3    #......
g - Slow                  Hex            ##......     10%         2    None


Dungeon Overview and Level Annotations

Branches:
Dungeon (6/15)             Temple (1/1) D:4

Altars:
Ashenzari
Cheibriados
Dithmenos
Elyvilon
Fedhas
Gozag
Kikubaaqudgha
Makhleb
Nemelex Xobeh
Sif Muna
Trog
Vehumet
Xom
Yredelemnul
Zin
The Shining One
Lugonu

Annotations:
D:6 Rekenzichi's ghost, novice DrGl


Message History

Aim: a crimson imp The magic dart hits the crimson imp.
The crimson imp is severely wounded.
Rekenzichi's ghost turns its malevolent gaze towards you.
Casting: Magic Dart
Confirm with . or Enter, or press ? or * to list all spells.
Aiming: Magic Dart
Press: ? - help, Shift-Dir - straight line, f/p - crimson imp
Aim: a crimson imp (heavily wounded)
The magic dart hits the crimson imp.
You kill the crimson imp!
Sif Muna is protecting you from the effects of miscast magic.
Your base Hexes skill increases to level 2!
Rekenzichi's ghost breathes negative energy at you.
The bolt of negative energy hits you!
You feel drained.
Ouch! That really hurt!
* * * LOW HITPOINT WARNING * * *
Rekenzichi's ghost breathes negative energy at you.
The bolt of negative energy hits you!
You feel drained.
You die...

.####)################
#.#####
......................
......
....).................
......
.####.#.######.######
..#### .####.#.#
##.##### ....).#.#
#......# #.###.#.#
#......# #.....#.#
#......# #####.#.#
##+#@..# # #.#.####
#...## # #......#
#....# # ###.##.#
#....# # #.##.#
#....##### # #.##.#
#..W.....# #####
#.##.# #........# #
....# #.##.###
#........#.#. .##.#
#.#....# #####.†...)..


You could see Rekenzichi's ghost.

Vanquished Creatures
  Prince Ribbit (D:5)
  A hippogriff (D:6)
  A black bear (D:5)
  An ogre (D:4)
  A centaur (D:5)
  A big kobold (D:4)
  2 giant frogs (D:6)
  2 wights (D:6)
  A howler monkey (D:5)
  3 crimson imps
  A giant frog zombie (D:5)
  2 centaur skeletons
  2 hounds (D:4)
  3 orc priests
  3 orc wizards
  An iguana (D:6)
  Terence (D:4)
  3 worker ants
  3 gnolls (D:5)
  10 adders
  A shadow imp (D:5)
  2 oozes
  An adder zombie (D:6)
  An adder skeleton (D:4)
  2 worms (D:3)
  A dart slug (D:3)
  2 giant geckos
  9 orcs
  3 giant cockroaches
  9 goblins
  6 hobgoblins
  9 jackals
  12 kobolds
  4 quokkas
  9 ball pythons
  5 bats
  7 giant newts
  A jackal skeleton (D:6)
  A jackal zombie (D:5)
  7 rats
135 creatures vanquished.

Vanquished Creatures (collateral kills)
  A howler monkey (D:5)
1 creature vanquished.

Vanquished Creatures (others)
  A plant (Sewer)
1 creature vanquished.

Grand Total: 137 creatures vanquished

Notes
Turn   | Place    | Note
--------------------------------------------------------------
     0 | D:1      | Mefis the Deep Elf Wizard began the quest for the Orb.
     0 | D:1      | Reached XP level 1. HP: 10/10 MP: 7/7
   128 | D:1      | Reached XP level 2. HP: 15/15 MP: 0/9
   132 | D:1      | Learned a level 2 spell: Call Imp
   135 | D:1      | Learned a level 2 spell: Blink
   138 | D:1      | Learned a level 2 spell: Repel Missiles
  1190 | D:2      | Reached XP level 3. HP: 19/19 MP: 9/11
  2065 | D:3      | Noticed Terence
  2081 | D:2      | Learned a level 3 spell: Mephitic Cloud
  2292 | D:3      | Found a glowing drain.
  2294 | D:3      | Reached XP level 4. HP: 24/24 MP: 9/12
  2363 | Sewer    | Entered a sewer
  2865 | Sewer    | Reached skill level 5 in Spellcasting
  3433 | D:3      | Reached XP level 5. HP: 28/28 MP: 6/14
  3631 | D:3      | Learned a level 3 spell: Conjure Flame
  3706 | D:3      | Found a radiant altar of Vehumet.
  3760 | D:3      | Found a shimmering altar of Xom.
  3760 | D:3      | Found a burning altar of Makhleb.
  4024 | D:3      | Found a blossoming altar of Fedhas.
  4214 | D:4      | Killed Terence
  4343 | D:4      | Reached skill level 1 in Poison Magic
  4349 | D:4      | Reached XP level 6. HP: 32/32 MP: 0/16
  4350 | D:4      | Found a staircase to the Ecumenical Temple.
  4462 | Temple   | Entered the Ecumenical Temple
  4505 | Temple   | Became a worshipper of Sif Muna the Loreminder
  4770 | D:4      | Reached skill level 1 in Fire Magic
  5237 | D:5      | Entered Level 5 of the Dungeon
  5247 | D:5      | Reached skill level 5 in Conjurations
  5247 | D:5      | Reached XP level 7. HP: 36/36 MP: 17/17
  5820 | D:5      | Reached skill level 6 in Spellcasting
  5953 | D:5      | Noticed Prince Ribbit
  5961 | D:5      | Killed Prince Ribbit
  5961 | D:5      | Reached * piety under Sif Muna
  5961 | D:5      | Reached skill level 5 in Stealth
  6247 | D:5      | Got a warped robe
  6258 | D:5      | Identified the cursed +0 robe of Zazoklo {rElec Dex+4} (You found it on level 5 of the Dungeon)
  6332 | D:5      | Found an ancient bone altar of Kikubaaqudgha.
  6520 | D:5      | Reached skill level 5 in Dodging
  6917 | D:5      | Reached XP level 8. HP: 31/41 MP: 19/19
  7060 | D:5      | Learned a level 2 spell: Slow
  7113 | D:5      | Found a glowing silver altar of Zin.
  7598 | D:6      | Reached skill level 1 in Hexes
  7736 | D:6      | Noticed Rekenzichi's ghost (novice DrGl)
  8022 | D:6      | Reached skill level 7 in Spellcasting
  8431 | D:6      | Found a basalt altar of Yredelemnul.
  8447 | D:6      | Reached skill level 1 in Invocations
  8534 | D:6      | Reached skill level 1 in Charms
  8691 | D:6      | Found a white marble altar of Elyvilon.
  8747 | D:6      | Reached ** piety under Sif Muna
  8757 | D:6      | Killed from afar by Rekenzichi's ghost

Skill      XL: |  1  2  3  4  5  6  7  8 |
---------------+-------------------------+-----
Stealth        | 3 4 5 6 |  6.1
Conjurations   | 2 3 4 5 |  5.9
Dodging        | 3 4 5 |  5.2
Spellcasting   | 5 6 7 |  7.1
Poison Magic   | 1 2 3 |  3.7
Fire Magic     | 1 2 3 |  3.4
Hexes          | 2 |  2.0
Invocations    | 2 |  2.4
Charms         | 2 |  2.2
Summonings     | 2 |  2.0
Translocations | |  1.8

Action                   |  1- 3 |  4- 6 |  7- 9 || total
-------------------------+-------+-------+-------++-------
Melee: Dagger            |    12 |    58 |     3 ||    73
       Mace              |       |    21 |     5 ||    26
 Cast: Magic Dart        |    95 |   142 |   227 ||   464
       Mephitic Cloud    |       |     5 |    15 ||    20
       Conjure Flame     |       |       |    12 ||    12
       Call Imp          |       |       |     4 ||     4
       Blink             |       |       |     3 ||     3
  Use: Scroll            |       |     6 |       ||     6
 Stab: Sleeping          |     3 |     1 |       ||     4
       Confused          |       |     1 |       ||     1
  Eat: Chunk             |     4 |     4 |     4 ||    12
       Bread ration      |       |     1 |     2 ||     3
Armor: Robe              |     1 |     3 |    11 ||    15
Dodge: Dodged            |     8 |    40 |    84 ||   132
